SNL (28 & UNDER)
BEAUMONT ROUGHNECKS @ GAINESVILLE GUIDOS
06/30/2030
 
TOP OF THE 1ST
Beaumont Roughnecks batting - Pitching for Gainesville Guidos : LHP Donald Joseph
Pitching: LHP Donald Joseph
Batting: RHB John James 0-0: Ball
1-0: Foul Ball, location: 2F
1-1: Swinging Strike
1-2: Strikes out swinging
Batting: RHB Jim MacAchounich 0-0: Ball
1-0: Called Strike
1-1: Ball
2-1: Called Strike
2-2: Ball
3-2: Base on Balls
Batting: RHB Jeff Mason 0-0: Ball
1-0: Ball
2-0: Foul Ball, location: 2F
2-1: Foul Ball, location: 2F
2-2: Strikes out swinging
Batting: LHB Roberto Félix 0-0: Called Strike
0-1: Called Strike
0-2: Ball
1-2: SINGLE (Line Drive, 89S)
Jim MacAchounich to second
Batting: SHB Scott Cox 0-0: Ball
1-0: Ball
2-0: Reached on error, E3 (Groundball, 3L)
Jim MacAchounich to third
Roberto Félix to second
Batting: RHB John Wilson 0-0: Called Strike
0-1: Ball
1-1: Foul Ball, location: 2F
1-2: SINGLE (Groundball, 34D)
Jim MacAchounich scores
Roberto Félix to third
Scott Cox to second
Runner from 3rd tries for Home, SAFE, throw made at trailing runner, OUT at third!
Top of the 1st over - 2 runs, 2 hits, 1 error, 1 left on base; Beaumont 2 - Gainesville 0
BOTTOM OF THE 1ST
Gainesville Guidos batting - Pitching for Beaumont Roughnecks : LHP Hunter Johnson
Pitching: LHP Hunter Johnson
Batting: RHB Craig Chapman 0-0: Ball
1-0: Ball
2-0: Ball
3-0: Called Strike
3-1: Ground out 1-3 (Groundball, 15S)
Batting: RHB Doug Coleman 0-0: Fly out, F6 (Line Drive, 6M)
Batting: SHB Kent Phillips 0-0: Foul Ball, location: 2F
0-1: Called Strike
0-2: Strikes out swinging
Bottom of the 1st over - 0 runs, 0 hits, 0 errors, 0 left on base; Beaumont 2 - Gainesville 0
TOP OF THE 2ND
Beaumont Roughnecks batting - Pitching for Gainesville Guidos : LHP Donald Joseph
Batting: RHB António Aguilar 0-0: Ball
1-0: Swinging Strike
1-1: Fly out, F9 (Line Drive, 89M)
Batting: RHB Miguel Costa 0-0: Swinging Strike
0-1: Foul Ball, location: 2F
0-2: Foul Ball, location: 2F
0-2: Ball
1-2: Ball
2-2: Foul Ball, location: 2F
2-2: Strikes out swinging
Batting: SHB Walton Locke 0-0: Ball
1-0: Fly out, F7 (Flyball, 7)
Top of the 2nd over - 0 runs, 0 hits, 0 errors, 0 left on base; Beaumont 2 - Gainesville 0
BOTTOM OF THE 2ND
Gainesville Guidos batting - Pitching for Beaumont Roughnecks : LHP Hunter Johnson
Batting: RHB George Green 0-0: Called Strike
0-1: Ball
1-1: Swinging Strike
1-2: Ball
2-2: Ball
3-2: SINGLE (Flyball, 8LS)
Batting: RHB Adrián López 0-0: Called Strike
0-1: Called Strike
0-2: Fly out, F9 (Flyball, 89S)
Batting: SHB José Sousa 0-0: Ball
1-0: Ball
2-0: Swinging Strike
2-1: Fly out, F7 (Flyball, 78M)
Batting: SHB Cornell Payne 0-0: Ball
Passed Ball!
George Green to second
1-0: Ball
2-0: Ball
3-0: Base on Balls
Batting: LHB Scott Young 0-0: Called Strike
0-1: Ball
1-1: Ball
2-1: Foul Ball, location: 2F
2-2: Foul Ball, location: 2F
2-2: Ball
3-2: Base on Balls
George Green to third
Cornell Payne to second
Batting: RHB Santiago Díaz 0-0: Called Strike
0-1: Ball
1-1: Ball
2-1: Swinging Strike
2-2: Ball
3-2: Foul Ball, location: 2F
3-2: Foul Ball, location: 2F
3-2: Base on Balls
George Green scores
Cornell Payne to third
Scott Young to second
Batting: RHB Craig Chapman 0-0: SINGLE (Groundball, 6MD)
Cornell Payne scores
Scott Young to third
Santiago Díaz to second
Runner from 3rd tries for Home, SAFE, throw made home
Batting: RHB Doug Coleman 0-0: Called Strike
0-1: Ball
1-1: Fly out, F8 (Line Drive, 8LS)
Bottom of the 2nd over - 3 runs, 2 hits, 0 errors, 2 left on base; Beaumont 2 - Gainesville 3
TOP OF THE 3RD
Beaumont Roughnecks batting - Pitching for Gainesville Guidos : LHP Donald Joseph
Batting: RHB John James 0-0: Ball
1-0: Foul Ball, location: 2F
1-1: Called Strike
1-2: Strikes out swinging
Batting: RHB Jim MacAchounich 0-0: Hit by Pitch
Batting: RHB Jeff Mason 0-0: Grounds into double play, 5-4-3 (Groundball, 5)
Top of the 3rd over - 0 runs, 0 hits, 0 errors, 0 left on base; Beaumont 2 - Gainesville 3
BOTTOM OF THE 3RD
Gainesville Guidos batting - Pitching for Beaumont Roughnecks : LHP Hunter Johnson
Batting: SHB Kent Phillips 0-0: Called Strike
0-1: Fly out, F8 (Line Drive, 89M)
Batting: RHB George Green 0-0: Called Strike
0-1: Swinging Strike
0-2: Ball
1-2: Ball
2-2: Ball
3-2: Base on Balls
Batting: RHB Adrián López 0-0: Ball
1-0: Ball
2-0: Ball
3-0: Base on Balls
George Green to second
Batting: SHB José Sousa 0-0: Ball
1-0: Ball
2-0: DOUBLE (Flyball, 89D)
George Green scores
Adrián López to third
Batting: SHB Cornell Payne 0-0: Swinging Strike
0-1: Swinging Strike
0-2: Foul Ball, location: 2F
0-2: Ball
1-2: Foul Ball, location: 2F
1-2: Ball
2-2: Foul Ball, location: 2F
2-2: SINGLE (Line Drive, 89S)
Adrián López scores
José Sousa to third
Runner from 3rd tries for Home, SAFE, no throw
Batting: LHB Scott Young 0-0: Fly out, F3 (Line Drive, 34)
Lined into DP, U3 (Line Drive, 34)
Bottom of the 3rd over - 3 runs, 2 hits, 0 errors, 0 left on base; Beaumont 2 - Gainesville 6
TOP OF THE 4TH
Beaumont Roughnecks batting - Pitching for Gainesville Guidos : LHP Donald Joseph
Batting: LHB Roberto Félix 0-0: Ball
1-0: Ball
2-0: Called Strike
2-1: Foul Ball, location: 2F
2-2: Strikes out swinging
Batting: SHB Scott Cox 0-0: Called Strike
0-1: Ball
1-1: Ball
2-1: SINGLE (Line Drive, 4M)
Batting: RHB John Wilson 0-0: Fly out, F3 (Popup, 3F)
Batting: RHB António Aguilar 0-0: Ball
1-0: Foul Ball, location: 2F
1-1: Reached on error, E1 (Groundball, 13)
Scott Cox to second
Batting: RHB Miguel Costa 0-0: Called Strike
0-1: Swinging Strike
0-2: Ball
1-2: Ball
2-2: Ball
3-2: Strikes out swinging
Top of the 4th over - 0 runs, 1 hit, 1 error, 2 left on base; Beaumont 2 - Gainesville 6
BOTTOM OF THE 4TH
Gainesville Guidos batting - Pitching for Beaumont Roughnecks : LHP Hunter Johnson
Batting: RHB Santiago Díaz 0-0: Ball
1-0: Reached on error, E5 (Groundball, 25)
Batting: RHB Craig Chapman 0-0: Ball
1-0: Foul Ball, location: 2F
1-1: Ball
2-1: SINGLE (Groundball, 4MD)
Santiago Díaz to second
Batting: RHB Doug Coleman 0-0: Ball
1-0: Ball
2-0: Foul Ball, location: 2F
2-1: Called Strike
2-2: Grounds into double play, 5-4-3 (Groundball, 56)
Santiago Díaz to third
Pitching: RHP Enrique Paredes
Batting: SHB Kent Phillips 0-0: Foul Ball, location: 2F
0-1: Foul Ball, location: 2F
0-2: Foul Ball, location: 2F
0-2: Ball
1-2: Fly out, F7 (Flyball, 7S)
Bottom of the 4th over - 0 runs, 1 hit, 1 error, 1 left on base; Beaumont 2 - Gainesville 6
TOP OF THE 5TH
Beaumont Roughnecks batting - Pitching for Gainesville Guidos : LHP Donald Joseph
Batting: SHB Walton Locke 0-0: Ball
1-0: Ball
2-0: Ball
3-0: Base on Balls
Batting: RHB John James 0-0: Called Strike
0-1: Ball
1-1: Ball
2-1: Swinging Strike
2-2: Foul Ball, location: 2F
2-2: SINGLE (Line Drive, 7LS)
Walton Locke to second
Batting: RHB Jim MacAchounich 0-0: Called Strike
0-1: SINGLE (Flyball, 34D)
Walton Locke to third
John James to second
Runner from 3rd tries for Home, SAFE, throw made home
Batting: RHB Jeff Mason 0-0: Called Strike
0-1: Ball
1-1: Called Strike
John James steals 3rd base
Jim MacAchounich to second
1-2: Fly out, F9 (Flyball, 9)
Runner from 3rd tags up, SCORES, no throw
Batting: LHB Roberto Félix 0-0: Called Strike
0-1: Foul Ball, location: 2F
0-2: Foul Ball, location: 2F
0-2: SINGLE (Line Drive, 8LS)
Jim MacAchounich to third
Runner from 3rd tries for Home, throw and OUT!
Batting: SHB Scott Cox 0-0: Called Strike
0-1: Called Strike
0-2: Ball
1-2: Foul Ball, location: 2F
1-2: 2-RUN HOME RUN (Flyball, 7D), Distance : 364 ft
Batting: RHB John Wilson 0-0: Ball
1-0: Ball
2-0: Ball
3-0: Base on Balls
Pitching: RHP Nathan Davis
Batting: RHB António Aguilar 0-0: Ball
1-0: Called Strike
1-1: Fly out, F7 (Flyball, 7S)
Top of the 5th over - 4 runs, 4 hits, 0 errors, 1 left on base; Beaumont 6 - Gainesville 6
BOTTOM OF THE 5TH
Gainesville Guidos batting - Pitching for Beaumont Roughnecks : RHP Enrique Paredes
Batting: RHB George Green 0-0: Ground out 6-3 (Groundball, 6)
Batting: RHB Adrián López 0-0: Ball
1-0: Ball
2-0: Ball
3-0: Base on Balls
Batting: SHB José Sousa 0-0: Ball
1-0: Called Strike
1-1: Ball
2-1: Ball
3-1: SINGLE (Line Drive, 8RS)
Adrián López to second
Runner from 2nd tries for 3rd, OUT!
José Sousa to second
Batting: SHB Cornell Payne 0-0: Called Strike
0-1: Fly out, F7 (Flyball, 7D)
Bottom of the 5th over - 0 runs, 1 hit, 0 errors, 1 left on base; Beaumont 6 - Gainesville 6
TOP OF THE 6TH
Beaumont Roughnecks batting - Pitching for Gainesville Guidos : RHP Nathan Davis
Now at C: León Glaviz
Batting: RHB Miguel Costa 0-0: Swinging Strike
0-1: Foul Ball, location: 2F
0-2: SINGLE (Groundball, 6D)
Batting: SHB Walton Locke 0-0: Called Strike
0-1: Ball
1-1: Ball
2-1: Ball
3-1: Called Strike
3-2: Foul Ball, location: 2F
3-2: Foul Ball, location: 2F
3-2: Foul Ball, location: 2F
3-2: Base on Balls
Miguel Costa to second
Batting: RHB John James 0-0: Called Strike
0-1: Ball
1-1: Ball
2-1: SINGLE (Line Drive, 8LS)
Miguel Costa to third
Walton Locke to second
Batting: RHB Jim MacAchounich 0-0: Ball
1-0: Swinging Strike
1-1: Foul Ball, location: 2F
1-2: Ball
2-2: SINGLE (Flyball, 89S)
Miguel Costa scores
Walton Locke to third
John James to second
Batting: RHB Jeff Mason 0-0: Swinging Strike
0-1: Called Strike
0-2: Foul Ball, location: 2F
0-2: Ball
1-2: Ball
2-2: Grounds into double play, 4-2-3 (Groundball, 4S)
John James to third
Jim MacAchounich to second
Batting: LHB Roberto Félix 0-0: Ball
1-0: Called Strike
1-1: Ball
2-1: Swinging Strike
2-2: Ball
3-2: Strikes out swinging
Top of the 6th over - 1 run, 3 hits, 0 errors, 2 left on base; Beaumont 7 - Gainesville 6
BOTTOM OF THE 6TH
Gainesville Guidos batting - Pitching for Beaumont Roughnecks : RHP Enrique Paredes
Batting: LHB Scott Young 0-0: Foul Ball, location: 2F
0-1: Foul Ball, location: 2F
0-2: Ball
1-2: SINGLE (Line Drive, 4MD)
Batting: RHB Santiago Díaz 0-0: Swinging Strike
0-1: Called Strike
0-2: Ball
1-2: Ball
2-2: Strikes out looking
Batting: RHB Craig Chapman 0-0: Ball
1-0: Ball
2-0: Foul Ball, location: 2F
2-1: Swinging Strike
2-2: Ball
3-2: Foul Ball, location: 2F
3-2: Strikes out swinging
Batting: RHB Doug Coleman 0-0: Called Strike
0-1: Foul Ball, location: 2F
0-2: Ball
1-2: Fielders Choice at 2nd, 6-4 (Groundball, 6)
Bottom of the 6th over - 0 runs, 1 hit, 0 errors, 1 left on base; Beaumont 7 - Gainesville 6
TOP OF THE 7TH
Beaumont Roughnecks batting - Pitching for Gainesville Guidos : RHP Nathan Davis
Batting: SHB Scott Cox 0-0: Foul Ball, location: 2F
0-1: Swinging Strike
0-2: Foul Ball, location: 2F
0-2: Strikes out swinging
Batting: RHB John Wilson 0-0: Foul Ball, location: 2F
0-1: Fly out, F8 (Flyball, 8LS)
Batting: RHB António Aguilar 0-0: Called Strike
0-1: Foul Ball, location: 2F
0-2: Foul Ball, location: 2F
0-2: Fly out, F3 (Popup, 3SF)
Top of the 7th over - 0 runs, 0 hits, 0 errors, 0 left on base; Beaumont 7 - Gainesville 6
BOTTOM OF THE 7TH
Gainesville Guidos batting - Pitching for Beaumont Roughnecks : RHP Enrique Paredes
Batting: SHB Kent Phillips 0-0: Ball
1-0: Ball
2-0: Called Strike
2-1: Foul Ball, location: 2F
2-2: Ball
3-2: Fly out, F7 (Flyball, 7LD)
Batting: RHB George Green 0-0: Ball
1-0: Fly out, F4 (Popup, 34D)
Batting: SHB León Glaviz 0-0: Ball
1-0: Foul Ball, location: 2F
1-1: Foul Ball, location: 2F
1-2: Foul Ball, location: 2F
1-2: Ground out 5-3 (Groundball, 5)
Bottom of the 7th over - 0 runs, 0 hits, 0 errors, 0 left on base; Beaumont 7 - Gainesville 6
TOP OF THE 8TH
Beaumont Roughnecks batting - Pitching for Gainesville Guidos : RHP Nathan Davis
Batting: RHB Miguel Costa 0-0: Called Strike
0-1: SINGLE (Line Drive, 6D)
Batting: SHB Walton Locke 0-0: Called Strike
0-1: Ball
1-1: Ball
2-1: Swinging Strike
2-2: Ball
3-2: Ground out 5-3 (Groundball, 56S)
Miguel Costa to second
Batting: RHB John James 0-0: Ball
1-0: Ball
2-0: Ball
3-0: Called Strike
3-1: Foul Ball, location: 2F
3-2: Base on Balls
Batting: RHB Jim MacAchounich 0-0: Called Strike
0-1: SINGLE (Groundball, 5L) (infield hit)
Miguel Costa to third
John James to second
Batting: RHB Jeff Mason 0-0: Called Strike
0-1: Called Strike
0-2: Ball
1-2: Ball
2-2: Strikes out looking
Pitching: LHP Anthony Robinson
Batting: LHB Roberto Félix 0-0: Ball
1-0: Ball
2-0: Swinging Strike
2-1: Fielders Choice at 2nd, 5-4 (Groundball, 56)
Top of the 8th over - 0 runs, 2 hits, 0 errors, 3 left on base; Beaumont 7 - Gainesville 6
BOTTOM OF THE 8TH
Gainesville Guidos batting - Pitching for Beaumont Roughnecks : RHP Enrique Paredes
Pitching: RHP Carlos Sánchez
Batting: SHB José Sousa 0-0: Called Strike
0-1: Called Strike
0-2: Ball
1-2: Fly out, F8 (Flyball, 89M)
Batting: SHB Cornell Payne 0-0: Called Strike
0-1: Ball
1-1: Called Strike
1-2: Strikes out swinging
Batting: LHB Scott Young 0-0: Ball
1-0: Foul Ball, location: 2F
1-1: Fly out, F6 (Popup, 4M)
Bottom of the 8th over - 0 runs, 0 hits, 0 errors, 0 left on base; Beaumont 7 - Gainesville 6
TOP OF THE 9TH
Beaumont Roughnecks batting - Pitching for Gainesville Guidos : LHP Anthony Robinson
Pitching: RHP Dave Mitchell
Batting: SHB Scott Cox 0-0: Ball
1-0: Called Strike
1-1: Ball
2-1: Foul Ball, location: 2F
2-2: Foul Ball, location: 2F
2-2: Ball
3-2: Foul Ball, location: 2F
3-2: Fly out, F8 (Flyball, 8LS)
Batting: RHB John Wilson 0-0: Swinging Strike
0-1: Ball
1-1: Fly out, F9 (Flyball, 9)
Batting: RHB António Aguilar 0-0: Swinging Strike
0-1: Called Strike
0-2: Foul Ball, location: 2F
0-2: Ball
1-2: Foul Ball, location: 2F
1-2: Strikes out looking
Top of the 9th over - 0 runs, 0 hits, 0 errors, 0 left on base; Beaumont 7 - Gainesville 6
BOTTOM OF THE 9TH
Gainesville Guidos batting - Pitching for Beaumont Roughnecks : RHP Carlos Sánchez
Pinch Hitting: RHB James Morris 0-0: Ball
1-0: Ball
2-0: Foul Ball, location: 2F
2-1: SINGLE (Line Drive, 78S)
Batting: RHB Craig Chapman 0-0: Ball
1-0: Called Strike
1-1: Ball
2-1: Sac Bunt - play at second, runner OUT! 2-6
Batting: RHB Doug Coleman 0-0: Fly out, F8 (Line Drive, 8LD)
Batting: SHB Kent Phillips 0-0: Swinging Strike
0-1: Ball
1-1: Ball
2-1: Foul Ball, location: 2F
2-2: Ball
3-2: Foul Ball, location: 2F
3-2: Foul Ball, location: 2F
3-2: Foul Ball, location: 2F
3-2: Strikes out looking
Bottom of the 9th over - 0 runs, 1 hit, 0 errors, 1 left on base; Beaumont 7 - Gainesville 6
Saturday, April 7th, 2018 - OOTP Baseball 18.8 Build 76